 Dungeon Crawl Stone Soup version 0.22.0-49-gab54619 (webtiles) character file.

12842 poirepourri the Severer (level 11, 0/109 HPs)
             Began as a Deep Dwarf Fighter on Sept 4, 2018.
             Was an Elder of Makhleb.
             Slain by a nine-headed hydra (12 damage)
             ... on level 3 of the Lair of Beasts.
             The game lasted 00:11:50 (9075 turns).

poirepourri the Severer (Deep Dwarf Fighter)        Turns: 9075, Time: 00:11:50

Health: 0/109      AC: 12    Str: 21    XL:     11   Next: 67%
Magic:  0/2        EV:  7    Int:  8    God:    Makhleb [****..]
Gold:   835        SH: 12    Dex: 15    Spells: 10/10 levels left

rFire    . . .     SeeInvis +   a - +5 war axe
rCold    . . .     Gourm    .   c - +2 shield
rNeg     . . .     Faith    .   A - +1 scale mail {rPois}
rPois    +         Spirit   +   L - +0 hat
rElec    .         Reflect  .   (no cloak)
rCorr    .         Harm     .   h - +1 pair of gloves
MR       +....                  d - +1 pair of boots
Stlth    ..........             C - amulet of guardian spirit
HPRegen  0.00/turn              u - ring of wizardry
MPRegen  0.08/turn              J - ring of see invisible

@: non-regenerating
A: damage resistance, heal wounds, sense surroundings 2, no regeneration
a: Heal Wounds, Minor Destruction, Lesser Servant of Makhleb, Major Destruction,
Renounce Religion


You were on level 3 of the Lair of Beasts.
You worshipped Makhleb.
Makhleb was greatly pleased with you.
You were not hungry.

You visited 3 branches of the dungeon, and saw 13 of its levels.
You also visited: Sewer.

You collected 835 gold pieces.

Inventory:

Hand Weapons
 a - a +5 war axe (weapon)
Missiles
 g - 58 bolts
 k - a throwing net
 m - 4 tomahawks of returning
 x - 7 javelins (quivered)
Armour
 c - a +2 shield (worn)
 d - a +1 pair of boots (worn)
 h - a +1 pair of gloves (worn)
 A - a +1 scale mail of poison resistance (worn)
 L - a +0 hat (worn)
Jewellery
 e - a cursed ring of teleportation
 j - an uncursed amulet of the acrobat
 q - an uncursed ring of ice
 u - a ring of wizardry (left hand)
 C - an amulet of guardian spirit (around neck)
 D - an uncursed ring of flight
 E - an uncursed ring of fire
 J - a ring of see invisible (right hand)
 K - an uncursed amulet of the gourmand
Wands
 i - a wand of digging (9)
 F - a wand of flame (50)
 G - a wand of iceblast (20)
Scrolls
 f - a scroll of blinking
 l - 3 scrolls of remove curse
 r - 4 scrolls of fog
 v - 3 scrolls of teleportation
 y - 2 scrolls of magic mapping
Potions
 n - 4 potions of curing
 o - 2 potions of brilliance
 p - 7 potions of flight
 s - a potion of cancellation
 t - 2 potions of haste
 I - a potion of magic
Comestibles
 w - 5 rations


   Skills:
 - Level 10.2 Fighting
 - Level 16.0 Axes
 - Level 3.2 Armour
 + Level 3.9 Shields


You had 10 spell levels left.
You didn't know any spells.
Your spell library was empty.

Dungeon Overview and Level Annotations

Branches:
Dungeon (9/15)             Temple (1/1) D:5            Lair (3/6) D:9
  Snake (0/4) Lair:2
  Swamp: Lair:2-4    Shoals: Lair:2-4       Orc: D:9-12

Altars:
Ashenzari
Cheibriados
Dithmenos
Elyvilon
Fedhas
Gozag
Hepliaklqana
Kikubaaqudgha
Makhleb
Nemelex Xobeh
Okawaru
Qazlal
Ru
Sif Muna
Trog
Uskayaw
Vehumet
Wu Jian
Xom
Yredelemnul
Zin
The Shining One

Shops:
D:5 *(


Innate Abilities, Weirdness & Mutations

You are resistant to damage.
You can heal yourself by infusing magical energy.
You passively map the area around you.
You do not regenerate.


Message History

The nine-headed hydra bites you.
* * * LOW HITPOINT WARNING * * *
The nine-headed hydra barely misses you. x2
The nine-headed hydra bites you but does no damage. x2
The nine-headed hydra bites you!
* * * LOW HITPOINT WARNING * * *
The yak gores you.
* * * LOW HITPOINT WARNING * * *
Unknown command.
You feel much better.
The nine-headed hydra is no longer covered in acid.
The nine-headed hydra bites you but does no damage.
The nine-headed hydra bites you!
* * * LOW HITPOINT WARNING * * *
You block the nine-headed hydra's attack.
The nine-headed hydra bites you.
* * * LOW HITPOINT WARNING * * *
The nine-headed hydra bites you but does no damage.
The nine-headed hydra bites you!
You die...

#...#.8.8..#,.... , ,
,.........††..#....., * *
>.(...#...<...#.....* *.,,
......#.......#..#.# .. ,
* 8.##..##.8.8.......##.#.
* ##.##...........##...)..
*
....#...........#.......,
........#....#.##....... *
.....#...#..#.HD@w......,,
.....#.........Y........
......##................ ,
......###....#.#########,,
...Y.## #.......# * *
....#...#Y.....##*
.†..#P.........# , , **
........P......# , , ,
........#......+ *,*


You could see a nine-headed hydra, a tyrant leech, a hippogriff and 2 yaks.

Vanquished Creatures
  Gastronok (Lair:2)
  Fannar (Lair:2)
  A hydra (Lair:2)
  Erica (D:8)
  3 spiny frogs
  A komodo dragon (D:9)
  A rime drake (Lair:1)
  Prince Ribbit (D:8)
  5 blink frogs (Lair:3)
  2 hippogriffs (Lair:3)
  Sigmund (D:2)
  Eustachio (D:6)
  A wyvern (Lair:2)
  Grum (D:8)
  A hungry ghost (D:9)
  A naga (Lair:2)
  4 water moccasins
  3 porcupines
  3 sky beasts
  3 ice beasts
  An orc warrior (D:6)
  2 black bears
  8 ogres
  A phantom (D:8)
  8 wolves
  A centaur (D:7)
  9 bullfrogs
  6 big kobolds
  3 scorpions
  A howler monkey (D:9)
  An electric eel (Lair:2)
  2 bullfrog zombies (D:8)
  6 crimson imps
  2 hounds
  A quasit (D:6)
  A jelly (D:6)
  2 orc priests
  5 orc wizards
  2 bullfrog skeletons
  3 iguanas
  9 worker ants
  2 hound skeletons
  2 hound zombies
  Robin (D:2)
  A worker ant zombie (D:9)
  7 gnolls
  12 adders
  4 oozes
  An adder zombie (D:6)
  4 worms
  A dart slug (D:1)
  3 leopard geckos
  22 orcs
  4 ball pythons
  7 giant cockroaches
  13 goblins
  10 hobgoblins
  10 jackals
  4 quokkas
  5 bats
  6 frilled lizards
  30 kobolds
  2 leopard gecko skeletons
  12 rats
  A fungus (Sewer)
274 creatures vanquished.

Vanquished Creatures (others)
  6 plants
6 creatures vanquished.

Grand Total: 280 creatures vanquished

Notes
Turn   | Place    | Note
-------+----------+-------------------------------------------
     0 | D:1      | poirepourri the Deep Dwarf Fighter began the quest for the
                  | Orb.
     0 | D:1      | Reached XP level 1. HP: 20/20 MP: 1/1
   250 | D:1      | Reached skill level 3 in Axes
   250 | D:1      | Reached XP level 2. HP: 25/27 MP: 2/2
   583 | D:2      | Found a white marble altar of Elyvilon.
   602 | D:2      | Reached XP level 3. HP: 31/33 MP: 3/3
   658 | D:2      | Reached skill level 4 in Axes
   658 | D:2      | Noticed Robin
   671 | D:2      | Killed Robin
   687 | D:2      | Noticed Sigmund
   700 | D:2      | Killed Sigmund
   700 | D:2      | Reached skill level 6 in Axes
   700 | D:2      | Reached XP level 4. HP: 39/40 MP: 4/4
   700 | D:2      | Reached XP level 5. HP: 45/46 MP: 5/5
   842 | D:2      | Found a shadowy altar of Dithmenos.
  1115 | D:3      | Found an ornate altar of the Wu Jian Council.
  1337 | D:3      | Found a blossoming altar of Fedhas.
  1437 | D:3      | Found a glowing drain.
  1439 | D:3      | Reached skill level 7 in Axes
  1455 | D:3      | Reached XP level 6. HP: 49/55 MP: 6/6
  1568 | Sewer    | Entered a sewer
  1661 | Sewer    | Reached skill level 8 in Axes
  1781 | Sewer    | Reached XP level 7. HP: 44/61 MP: 7/7
  1933 | D:3      | Noticed a moth of wrath
  1947 | D:3      | Found a bloodstained altar of Trog.
  2502 | D:4      | Reached skill level 9 in Axes
  3073 | D:5      | Entered Level 5 of the Dungeon
  3098 | D:5      | Found Vehy's Weapon Shoppe.
  3138 | D:5      | Found a staircase to the Ecumenical Temple.
  3157 | D:5      | Reached skill level 10 in Axes
  3188 | Temple   | Entered the Ecumenical Temple
  3484 | Temple   | Became a worshipper of Makhleb the Destroyer
  3547 | D:5      | Reached XP level 8. HP: 56/68 MP: 8/8
  3803 | D:5      | Found Loeph's General Store.
  4160 | D:6      | Reached skill level 11 in Axes
  4209 | D:6      | Reached * piety under Makhleb
  4382 | D:6      | Noticed Eustachio
  4409 | D:6      | Killed Eustachio
  4409 | D:6      | Reached skill level 12 in Axes
  5004 | D:7      | Gained mutation: You passively map the area around you.
                  | [Deep Dwarf growth]
  5004 | D:7      | Reached XP level 9. HP: 46/74 MP: 0/9
  5158 | D:7      | Reached ** piety under Makhleb
  5181 | D:7      | Reached skill level 13 in Axes
  5873 | D:8      | Noticed Grum
  5876 | D:8      | Noticed Erica
  5917 | D:8      | Reached skill level 14 in Axes
  5943 | D:8      | Killed Erica
  5970 | D:8      | Killed Grum
  5974 | D:8      | Reached skill level 15 in Axes
  5974 | D:8      | Reached XP level 10. HP: 74/81 MP: 0/8
  6088 | D:8      | Found a stormy altar of Qazlal.
  6191 | D:8      | Found an iron altar of Okawaru.
  6194 | D:8      | Found a snail-covered altar of Cheibriados.
  6197 | D:8      | Found a hazy altar of Hepliaklqana.
  6249 | D:8      | Noticed Prince Ribbit
  6259 | D:8      | Killed Prince Ribbit
  6328 | D:8      | Reached *** piety under Makhleb
  6767 | D:9      | Reached skill level 16 in Axes
  7040 | D:9      | Found a staircase to the Lair.
  7247 | Lair:1   | Entered Level 1 of the Lair of Beasts
  7292 | Lair:1   | Reached skill level 5 in Fighting
  7837 | Lair:2   | Noticed a spiny frog
  7837 | Lair:2   | Noticed a seven-headed hydra
  7849 | Lair:1   | Killed a spiny frog
  7874 | Lair:2   | Noticed Fannar
  7874 | Lair:2   | Noticed a spiny frog
  7889 | Lair:2   | Killed a spiny frog
  7915 | Lair:2   | Killed Fannar
  7915 | Lair:2   | Reached XP level 11. HP: 68/100 MP: 0/7
  7987 | Lair:2   | Found a staircase to the Snake Pit.
  7993 | Lair:2   | HP: 2/100 [nine-headed hydra (9)]
  8208 | Lair:2   | Noticed Gastronok
  8217 | Lair:2   | Reached **** piety under Makhleb
  8250 | Lair:2   | Killed Gastronok
  8298 | Lair:2   | Killed a nine-headed hydra
  8894 | Lair:3   | Reached skill level 10 in Fighting
  8990 | Lair:3   | Noticed an eight-headed hydra
  9072 | Lair:3   | HP: 3/109 [nine-headed hydra (7)]
  9075 | Lair:3   | Slain by a nine-headed hydra

Skill      XL: |  1  2  3  4  5  6  7  8  9 10 11 |
---------------+----------------------------------+-----
Axes           | 3 6 7 8 10 12 15 16 | 16.0
Fighting       | 7 10 | 10.2
Armour         | |  3.2
Shields        | |  3.9

Action                   |  1- 3 |  4- 6 |  7- 9 | 10-12 || total
-------------------------+-------+-------+-------+-------++-------
Melee: War axe           |    84 |   122 |   537 |   331 ||  1074
 Abil: Heal Wounds       |       |       |     6 |    21 ||    27
Evoke: Wand              |       |       |       |    22 ||    22
  Use: Scroll            |     4 |     5 |    18 |    17 ||    44
       Potion            |     3 |       |     8 |     6 ||    17
 Stab: Invisible         |       |       |    10 |       ||    10
  Eat: Ration            |       |     1 |     4 |     5 ||    10
       Chunk             |       |       |     2 |     1 ||     3
Armor: Scale mail        |    44 |    54 |   225 |   180 ||   503
       Skin              |       |       |    47 |       ||    47
Dodge: Dodged            |    24 |    53 |   160 |   107 ||   344
Block: Shield            |    55 |    67 |   320 |   202 ||   644
